Map: Automaton LE

Players

goblin - Winner!

  • Race: Protoss Protoss
  • Spawn Location: 9:00

PtitDrogo

  • Race: Protoss Protoss
  • Spawn Location: 3:00

Event: 2019 WCS Spring

VOD

Have the link to the VOD?

Description

Time

  • Played on: May 18, 2019, 1:52 p.m.
  • Length: 11:01

All games in this series

Show
View Real Time Build Order
Export as new Build Order

goblin Protoss - Winner!

Build Orders: Mass Adepts 

Get SALT Encoding   

  12  0:00  Probe  
  13  0:12  Probe  
  14  0:17  Pylon  
  14  0:24  Probe  
  15  0:32  Probe  
  15  0:38  Gateway  
  15  0:40  Probe  
  16  0:47  Assimilator  
  17  0:51  Probe  
  17  0:55  Assimilator  
  18  0:59  Probe  
  19  1:08  Probe, Gateway  
  19  1:18  Probe  
  21  1:26  Cybernetics Core  
  21  1:30  Probe  
  22  1:38  Pylon  
  22  1:42  Probe  
  23  2:02  Stargate  
  23  2:04  Adept  
  23  2:05  Adept  
  27  2:08  Warp Gate  
  27  2:21  Pylon  
  27  2:34  Adept, Void Ray  
  27  2:35  Adept  
  35  2:55  Gateway  
  35  3:08  Void Ray  
  35  3:18  Pylon  
  39  3:44  Void Ray  
  39  3:45  Pylon  
  43  3:57  Adept x2  
  47  4:05  Adept  
  47  4:17  Adept x2  
  47  4:22  Pylon  
  51  4:31  Adept  
  53  4:52  Void Ray  
  49  5:02  Adept x2  
  49  5:03  Adept  
  47  5:26  Adept x2  
  45  5:32  Void Ray  
  45  5:46  Adept  
  41  6:03  Stalker  
  43  6:04  Zealot  
  43  6:06  Void Ray  
  49  6:22  Adept  
  51  6:29  Adept  
  53  6:35  Pylon  
  53  6:41  Zealot  
  53  6:44  Zealot  
  57  6:54  Stalker  
  59  7:05  Adept x2  
  61  7:15  Void Ray  
  43  7:45  Adept x3  
  49  8:06  Zealot x3  
  55  8:26  Zealot x2  
  55  8:27  Zealot, Void Ray  
  65  8:45  Pylon  
  65  8:49  Sentry  
  65  8:52  Sentry  
  65  8:55  Sentry  
  71  9:14  Stalker  
  73  9:17  Sentry  
  75  9:28  Void Ray  
  57  9:55  Adept  
  57  9:56  Sentry  
  57  10:17  Zealot x2  
  61  10:22  Sentry  
  63  10:38  Adept  
  63  10:39  Adept  
Show
View Real Time Build Order
Export as new Build Order

PtitDrogo Protoss 

Build Orders:  

Get SALT Encoding   

  12  0:00  Probe  
  13  0:13  Probe  
  14  0:18  Pylon  
  14  0:24  Probe  
  15  0:32  Probe  
  15  0:39  Gateway  
  15  0:40  Probe  
  16  0:46  Assimilator  
  17  0:51  Probe  
  17  0:55  Assimilator  
  18  0:59  Probe  
  19  1:07  Probe  
  19  1:15  Gateway  
  19  1:17  Probe  
  21  1:27  Cybernetics Core  
  21  1:29  Probe  
  22  1:34  Pylon  
  22  1:41  Probe  
  23  1:54  Warp Gate  
  23  1:55  Probe  
  24  2:04  Stalker, Sentry  
  28  2:09  Probe  
  28  2:14  Pylon  
  29  2:21  Probe  
  30  2:34  Stalker x2  
  33  2:52  Nexus  
  33  2:56  Probe  
  34  3:09  Shield Battery  
  34  3:14  Sentry  
  34  3:15  Sentry  
  34  3:16  Pylon  
  34  3:19  Probe  
  39  3:27  Robotics Facility  
  39  3:34  Probe  
  40  3:48  Stalker, Shield Battery x2  
  40  3:50  Stalker  
  44  3:56  Shield Battery  
  44  4:05  Shield Battery  
  44  4:12  Stalker  
  44  4:14  Stalker  
  48  4:21  Immortal  
  48  4:25  Shield Battery  
  48  4:36  Sentry  
  54  4:38  Shield Battery  
  50  4:48  Stalker  
  47  4:59  Stalker  
  41  5:15  Shield Battery  
  41  5:16  Adept  
  41  5:21  Probe x2  
  41  5:27  Stalker  
  43  5:33  Probe x2  
  43  5:38  Warp Prism  
  43  5:40  Stalker  
  45  5:45  Probe x2  
  45  5:53  Sentry  
  47  5:57  Probe  
  47  5:58  Probe  
  49  6:09  Stalker  
  49  6:10  Probe x2  
  51  6:23  Zealot  
  51  6:24  Probe  
  55  6:34  Pylon  
  55  6:35  Adept  
  55  6:37  Shield Battery  
  56  6:41  Stalker  
  56  6:44  Probe x2  
  60  6:52  Stalker  
  62  6:56  Probe  
  63  7:04  Stalker  
  63  7:07  Gateway  
  61  7:20  Stalker  
  47  7:33  Stalker  
  45  7:38  Shield Battery  
  45  7:40  Probe x2  
  47  7:45  Stalker  
  49  7:52  Probe x2  
  49  7:54  Stalker  
  53  7:58  Shield Battery  
  53  8:01  Stalker x2  
  58  8:10  Assimilator  
  58  8:12  Stalker  
  61  8:15  Shield Battery  
  59  8:22  Stalker  
  61  8:29  Shield Battery x2  
  61  8:32  Immortal  
  61  8:35  Adept x2  
  65  8:47  Pylon  
  69  8:52  Probe  
  70  8:58  Assimilator  
  70  9:03  Pylon  
  70  9:05  Probe  
  70  9:06  Sentry  
  70  9:08  Stalker  
  75  9:11  Sentry  
  77  9:23  Gateway  
  77  9:28  Shield Battery  
  67  9:42  Stalker x3  
  53  10:05  Stalker x3  
  53  10:06  Probe  
  51  10:21  Sentry  
  51  10:28  Sentry x2  
  57  10:29  Adept  
  58  10:47  Shield Battery  
  54  10:51  Stalker x2  
  54  10:55  Stalker  
Tags
 
Add a new tag
Caveats
  • Supply blocks, unpowered buildings, or Contaminate may cause inaccurate times.
  • Supply counts are checked every 10 seconds.